 Dungeon Crawl Stone Soup version 0.19.0 (webtiles) character file.

1354 PurpleRed the Gouger (level 8, -4/34 HPs)
             Began as a Felid Monk on Nov 12, 2016.
             Slain by a hippogriff (7 damage)
             ... on level 6 of the Dungeon.
             The game lasted 00:14:55 (9010 turns).

PurpleRed the Gouger (Felid Monk)                   Turns: 9010, Time: 00:14:56

Health: -4/34      AC:  2    Str:  7    XL:     8   Next: 37%
Magic:  0/9        EV: 26    Int: 11    God:
Gold:   161        SH:  0    Dex: 21    Spells: 0 memorised, 7 levels left
                                        Lives:  0   Deaths: 2

rFire  . . .     SeeInvis +       - Unarmed
rCold  . . .     Gourm    .     (armour unavailable)
rNeg   . . .     Faith    .     (shield unavailable)
rPois  .         Spirit   +     (helmet unavailable)
rElec  .         Reflect  .     (cloak unavailable)
rCorr  .         Harm     .     (gloves unavailable)
MR     +....                    (boots unavailable)
Stlth  ++++......               u - amulet of guardian spirit
                                t - ring of stealth
                                p - ring of flight

@: quick
A: no armour, no weapons or thrown items, stealth, claws 1, fangs 3, see
invisible, carnivore 3, speed 1, shaggy fur 2, slow metabolism 1, sharp paws
a: Evoke Flight


You were on level 6 of the Dungeon.
You were completely stuffed.

You visited 2 branches of the dungeon, and saw 7 of its levels.

You collected 257 gold pieces.
You spent 96 gold pieces at shops.

Inventory:

Jewellery
 p - a ring of flight (left paw)
 t - a ring of stealth (right paw)
 u - an amulet of guardian spirit (around neck)
Scrolls
 d - 2 scrolls of fog
 h - 2 scrolls of remove curse
 l - a scroll of blinking
 o - a scroll of fear
 v - a scroll of teleportation
Potions
 b - a potion of ambrosia
 c - a potion of haste
 e - 3 potions of cure mutation
 g - 2 potions of might
 i - 5 potions of curing
 j - 2 potions of heal wounds
 k - a potion of flight
 m - a potion of brilliance {unknown}
 s - a potion of lignification {unknown}
 x - a potion of degeneration {unknown}
Books
 r - a book of Necromancy

   Spells                             Type                      Level
   a - Pain                           Necromancy                   1
   b - Animate Skeleton               Necromancy                   1
   c - Vampiric Draining              Necromancy                   3
   d - Regeneration                   Charms/Necromancy            3
   e - Animate Dead                   Necromancy                   4
   f - Control Undead                 Necromancy                   4
Comestibles
 a - 3 meat rations
 f - 2 beef jerkies
 n - a slice of pizza


   Skills:
 - Level 3.0 Fighting
 - Level 9.0 Dodging
 + Level 4.2 Stealth
 * Level 10.0 Unarmed Combat


You had 7 spell levels left.
You didn't know any spells.

Dungeon Overview and Level Annotations

Branches:
Dungeon (6/15)             Temple (1/1) D:5

Altars:
Cheibriados
Dithmenos
Elyvilon
Gozag
Hepliaklqana
Makhleb
Qazlal
Sif Muna
Trog
Uskayaw
Xom
The Shining One

Shops:
D:5 ?


Innate Abilities, Weirdness & Mutations

You cannot wear armour.
You are incapable of wielding weapons or throwing items.
Your paws allow you to move quietly. (Stealth)
You have sharp claws.
You have razor-sharp teeth.
You have supernaturally acute eyesight. (SInv)
You are carnivorous and can eat meat at any time.
You cover ground quickly.
You are covered in thick fur. (AC +2)
You have a slow metabolism.
Your sharp claws are effective at attacking unaware monsters.


Message History

The hippogriff completely misses you. x2; The hippogriff claws you.
You completely miss the hippogriff.
The hippogriff is severely wounded.
The hippogriff bites you. The hippogriff misses you. The hippogriff claws you!
* * * LOW HITPOINT WARNING * * *
You claw the hippogriff! You claw the hippogriff.
The hippogriff is almost dead.
The hippogriff misses you. The hippogriff completely misses you.
The hippogriff claws you but does no damage.
You scratch the hippogriff but do no damage.
The hippogriff is almost dead.
You scratch the hippogriff but do no damage.
The hippogriff is almost dead.
The hippogriff completely misses you. The hippogriff misses you. x2
You scratch the hippogriff but do no damage.
The hippogriff is almost dead.
The hippogriff completely misses you. The hippogriff pecks you.
* * * LOW HITPOINT WARNING * * *
The hippogriff claws you!
You die...

......#..............#####.#
###...#'#'#......#...#####'##
# #...)(....####.#...#......#
###.........#........+......#
.##..............#...#......#
.##...#+#.#.#.####...'......+
..#...#.#.#.#.# #...#.?....#
..........#.#.####...#......#
#.###.#...###.#H@...#########
<.............)......#
.#.##.##.####.####.###
...........##.# #.#
##.##.##.#....# ###
......##.#######
###.#.##........
................
###.#.##########


You could see a hippogriff.

Vanquished Creatures
  The ghost of mexichick the Changer, an amateur NaTm (D:5)
  Edmund (D:4)
  A phantom (D:5)
  A black bear (D:6)
  3 ogres
  A centaur (D:6)
  A scorpion (D:6)
  A crimson imp (D:5)
  A bullfrog zombie (D:5)
  3 hounds
  7 orc wizards
  2 orc priests (D:4)
  An iguana (D:6)
  A jelly (D:6)
  Terence (D:3)
  4 worker ants
  A worker ant zombie (D:3)
  10 gnolls
  12 adders
  An adder skeleton (D:6)
  3 worms
  A dart slug (D:1)
  8 leopard geckos
  22 orcs
  10 bats
  3 giant cockroaches
  12 goblins
  17 hobgoblins
  4 jackals
  2 quokkas
  3 ball pythons
  9 frilled lizards
  A jackal skeleton (D:4)
  13 kobolds
  A leopard gecko skeleton (D:2)
  8 rats
171 creatures vanquished.

Notes
Turn   | Place    | Note
-------+----------+-------------------------------------------
     0 | D:1      | PurpleRed the Felid Monk began the quest for the Orb.
     0 | D:1      | Reached XP level 1. HP: 10/10 MP: 2/2
   277 | D:1      | Reached XP level 2. HP: 14/14 MP: 3/3
   955 | D:1      | Reached XP level 3. HP: 9/17 MP: 4/4
  1322 | D:2      | Reached skill level 4 in Unarmed Combat
  1946 | D:2      | Reached XP level 4. HP: 16/21 MP: 5/5
  2015 | D:2      | Reached skill level 5 in Dodging
  2410 | D:2      | Slain by a gnoll
  2411 | D:2      | Reached XP level 3. HP: -3/17 MP: 4/4
  2459 | D:2      | Reached skill level 5 in Unarmed Combat
  2459 | D:2      | Reached XP level 4. HP: 4/21 MP: 5/5
  3385 | D:3      | Reached XP level 5. HP: 14/24 MP: 6/6
  3712 | D:3      | Found a hide-covered altar of Uskayaw.
  3712 | D:3      | Noticed Terence
  3727 | D:3      | Killed Terence
  3813 | D:4      | Reached skill level 6 in Unarmed Combat
  3846 | D:4      | Gained mutation: You are covered in thick fur. (AC +2) [Felid growth]
  3846 | D:4      | Reached XP level 6. HP: 22/28 MP: 7/7
  4559 | D:4      | Found an opulent altar of Gozag.
  5064 | D:4      | Reached skill level 7 in Unarmed Combat
  5064 | D:4      | Reached XP level 7. HP: 31/31 MP: 8/8
  5212 | D:4      | Noticed Edmund
  5685 | D:4      | Killed Edmund
  5875 | D:5      | Entered Level 5 of the Dungeon
  6016 | D:5      | Found a staircase to the Ecumenical Temple.
  6044 | Temple   | Entered the Ecumenical Temple
  6492 | D:5      | Reached skill level 8 in Unarmed Combat
  6679 | D:5      | Noticed mexichick's ghost (amateur NaTm)
  6978 | D:4      | Slain by an ogre
  6979 | D:4      | Reached XP level 6. HP: -4/28 MP: 0/7
  6988 | D:4      | Reached XP level 7. HP: 31/31 MP: 8/8
  7036 | D:5      | Killed mexichick's ghost
  7380 | D:5      | Found Heig's Magic Scroll Shop.
  7383 | D:5      | Bought a scroll of identify for 24 gold pieces
  7383 | D:5      | Bought a scroll of identify for 24 gold pieces
  7390 | D:5      | Bought 2 scrolls of identify for 48 gold pieces
  7605 | D:5      | Reached skill level 9 in Unarmed Combat
  8076 | D:6      | Reached XP level 8. HP: 34/34 MP: 9/9
  8763 | D:6      | Reached skill level 10 in Unarmed Combat
  8781 | D:6      | Noticed a hippogriff
  9010 | D:6      | Slain by a hippogriff

Skill      XL: |  1  2  3  4  5  6  7  8 |
---------------+-------------------------+-----
Unarmed Combat | 5 6 7 9 10 | 10.0
Dodging        | 5 6 7 9 |  9.0
Stealth        | 4 |  4.2
Fighting       | |  3.0

Action                   |  1- 3 |  4- 6 |  7- 9 || total
-------------------------+-------+-------+-------++-------
Melee: Unarmed           |   188 |   246 |   286 ||   720
       Bite              |    12 |    28 |    31 ||    71
       Punch             |       |     2 |     5 ||     7
  Use: Scroll            |       |    12 |     8 ||    20
 Stab: Sleeping          |     5 |     2 |     8 ||    15
       Distracted        |       |     2 |       ||     2
  Eat: Chunk             |     7 |    13 |    12 ||    32
Armor: Skin              |    11 |     4 |     8 ||    23
Dodge: Dodged            |   139 |   224 |   221 ||   584
